Map: Terraform LE (Void)

Players

wabbajack - Winner!

  • Race: Zerg Zerg
  • League: Grandmaster

HeadBeagle

  • Race: Terran Terran
  • League: Bronze

VOD

Have the link to the VOD?

Description

Hatch First Bane Drop opener ZvT.
2 OLs - 4 banes 8 lings - drop the main mineral line ~4:45

Time

  • Played on: Oct. 19, 2015, 10:51 p.m.
  • Length: 5:12
Show
View Real Time Build Order
Export as new Build Order

wabbajack Zerg - Winner!

Build Orders: Hatch First 

Get SALT Encoding   

  12  0:01  Drone  
  13  0:14  Overlord  
  13  0:18  Drone  
  14  0:23  Extractor  
  14  0:24  Drone  
  15  0:33  Drone  
  16  0:37  Drone  
  17  0:56  Hatchery  
  16  1:00  Drone, Extractor  
  16  1:03  Drone  
  17  1:09  Drone  
  18  1:20  Drone  
  19  1:28  Spawning Pool  
  19  1:32  Drone  
  19  1:41  Drone  
  20  1:52  Overlord  
  20  2:03  Drone  
  21  2:15  Queen x2  
  23  2:19  Zergling x2  
  26  2:24  Drone  
  26  2:25  Drone x2  
  26  2:26  Metabolic Boost  
  29  2:32  Baneling Nest  
  29  2:35  Drone, Extractor  
  28  2:39  Drone  
  28  2:42  Drone  
  30  2:50  Drone  
  31  2:56  Drone  
  32  2:58  Drone  
  32  3:04  Overlord  
  33  3:08  Pneumatized Carapace  
  33  3:09  Queen  
  35  3:13  Zergling x2  
  35  3:18  Overlord  
  36  3:28  Evolution Chamber  
  36  3:29  Zergling x2  
  36  3:30  Zergling x6  
  36  3:31  Zergling x2  
  36  3:33  Zergling x2  
  41  3:35  Zergling x2  
  42  3:53  Overlord  
  42  4:06  Overlord  
  42  4:08  Drone  
  42  4:09  Drone x8  
  51  4:15  Baneling x2  
  51  4:16  Baneling x2  
  51  4:27  Extractor  
  50  4:40  Evolution Chamber  
Show
View Real Time Build Order
Export as new Build Order

HeadBeagle Terran 

Build Orders:  

Get SALT Encoding   

  12  0:01  SCV  
  13  0:13  SCV  
  14  0:17  Supply Depot  
  14  0:30  SCV  
  14  0:31  Refinery  
  15  0:42  SCV  
  16  0:46  Barracks  
  16  0:54  SCV  
  17  1:01  Supply Depot  
  17  1:06  SCV  
  18  1:18  SCV  
  19  1:37  SCV  
  20  1:45  Marine  
  21  1:54  Factory  
  21  1:58  Refinery, Orbital Command  
  21  2:01  Supply Depot  
  21  2:14  Bunker  
  21  2:19  Barracks Reactor  
  21  2:26  Supply Depot  
  21  2:27  SCV  
  22  2:39  Factory Tech Lab  
  22  2:43  SCV  
  23  2:53  Starport  
  23  2:55  SCV  
  23  2:56  Marine x2  
  26  3:02  Siege Tank  
  29  3:07  SCV  
  30  3:15  Marine x2  
  30  3:19  SCV  
  33  3:35  Medivac  
  33  3:37  Command Center  
  35  3:41  SCV  
  35  3:47  Supply Depot  
  36  3:50  Marine x2  
  38  4:13  Supply Depot  
  38  4:14  Starport Tech Lab  
  38  4:22  Hellion, Factory  
  40  4:24  Marine x2  
  42  4:37  Supply Depot  
  42  4:45  Hellion, Engineering Bay  
  44  4:53  Marine x2  
Tags
 
Add a new tag
Caveats
  • Supply blocks, unpowered buildings, or Contaminate may cause inaccurate times.
  • Supply counts are checked every 10 seconds.